 Dungeon Crawl Stone Soup version 0.28.0-49-g6dfe1f597d (webtiles) character file.

Game seed: 9732486442947332334

4377 Kniotic the Devastator (level 9, -13/62 HPs)
             Began as a Demigod Conjurer on May 11, 2022.
             Mangled by a troll (16 damage)
             ... on level 7 of the Dungeon.
             The game lasted 00:24:08 (11932 turns).

Kniotic the Devastator (Demigod Conjurer)          Turns: 11932, Time: 00:24:09

Health: -13/62     AC:  5    Str:  8    XL:     9   Next: 90%
Magic:  7/14       EV: 12    Int: 32    God:
Gold:   310        SH:  0    Dex: 12    Spells: 5/11 levels left

rFire   . . .      SeeInvis +   k - +2 dagger (holy)
rCold   . . .      Faith    .   (no shield)
rNeg    . . .      Spirit   .   a - +0 robe
rPois   .          Reflect  .   l - +2 helmet {SInv}
rElec   .          Harm     .   (no cloak)
rCorr   .          Rampage  .   (no gloves)
Will    .....                   (no boots)
Stlth   ++........              (no amulet)
HPRegen 0.20/turn               (no ring)
MPRegen 0.14/turn               (no ring)

@: brilliant, lethally poisoned (-13 -> -21)
A: high MP 1, forlorn, divine attributes
a: no special abilities


You were on level 7 of the Dungeon.
You visited 1 branch of the dungeon, and saw 7 of its levels.
You also visited: Bailey.

You collected 310 gold pieces.

Inventory:

Hand Weapons
 k - a +2 dagger of holy wrath (weapon)
Armour
 a - a +0 robe (worn)
 l - a +2 helmet of see invisible (worn)
Magical Staves
 y - a staff of death
Wands
 d - a wand of flame (26)
Scrolls
 b - a scroll of summoning {unknown}
 e - a scroll of vulnerability {unknown}
 f - 2 scrolls of acquirement {unknown}
 g - 3 scrolls of teleportation {unknown}
 j - 4 scrolls of enchant weapon
 r - 2 scrolls of enchant armour {unknown}
 s - a scroll of noise {unknown}
 t - a scroll of immolation {unknown}
 u - 2 scrolls of fog {unknown}
 v - a scroll of brand weapon {unknown}
 x - a scroll of fear {unknown}
Potions
 c - 3 potions of lignification
 h - 2 potions of flight
 i - a potion of brilliance
 m - 2 potions of heal wounds {unknown}
 n - a potion of invisibility {unknown}
 o - 2 potions of resistance {unknown}
 p - a potion of haste
 q - a potion of mutation {unknown}
 w - a potion of might {unknown}


   Skills:
 - Level 1.7 Dodging
 - Level 1.7 Stealth
 - Level 1.7 Spellcasting
 + Level 15.1 Conjurations


You had 5 spell levels left.
You knew the following spells:

 Your Spells              Type           Power      Damage    Failure   Level
a - Magic Dart            Conj           100%       1d8       0%          1
b - Fulminant Prism       Conj/Hex       33%        3d16      3%          4
c - Animate Skeleton      Necr           8%         N/A       7%          1

Your spell library contained the following spells:

 Spells                   Type           Power      Damage    Failure   Level
 Searing Ray              Conj           100%       2d8       1%          2
 Dazzling Flash           Conj/Hex       100%       N/A       1%          3
 Iskenderun's Mystic Bla  Conj/Tloc      67%        2d14      3%          4
 Pain                     Necr           16%        1d4       7%          1
 Vampiric Draining        Necr           4%         2d6       22%         3
 Petrify                  Tmut/Erth      4%         N/A       56%         4
 Metabolic Englaciation   Hex/Ice        2%         N/A       89%         5
 Statue Form              Tmut/Erth      2%         N/A       100%        6


Dungeon Overview and Level Annotations

Branches:
Dungeon (7/15)             Temple (0/1) D:6          Bailey (visited)

Annotations:
D:6 1 runed translucent door, Crazy Yiuf


Innate Abilities, Weirdness & Mutations

You have an increased reservoir of magic. (+10% MP)
You shall have no god before yourself.
Your divine heritage dramatically boosts your attributes as you level up.


Message History

Aim: a fulminant prism (friendly, 100% to hit)
The magic dart hits the scorpion.
The scorpion is moderately wounded.
The troll completely misses you. The troll claws you. The troll claws you!
The howler monkey hoots and howls with incredible vigour!
The scorpion stings you but does no damage.
Your fulminant prism crackles loudly.
You hear a shout!
You hear a loud, deep croak!
Okay, then.
You feel more experienced!
Your Conjurations skill gained 4 levels and is now at level 15!
You have reached level 9!
Your experience leads to a dramatic increase in your attributes!
Increase (S)trength, (I)ntelligence, or (D)exterity?
You feel clever. x4
The scorpion stings you.
You are poisoned.
The scorpion poisons you! The troll bites you!
* * * LOW HITPOINT WARNING * * *
The troll claws you.
* * * LOW HITPOINT WARNING * * *
The troll claws you!
* * * LOW HITPOINT WARNING * * *
The scorpion stings you.
* * * LOW HITPOINT WARNING * * *
Your fulminant prism explodes!
The blast of energy engulfs the scorpion!!
You kill the scorpion!
You hear a bark!
You hear a loud, deep croak!
You hear a shout!
A two-headed ogre and a hound come into view.
* * * LOW HITPOINT WARNING * * *
You feel very sick.
The two-headed ogre shouts in stereo!
You see here a scorpion corpse.
It was a potion of brilliance.
You feel clever all of a sudden.
* * * LOW HITPOINT WARNING * * *
You feel very sick. The troll bites you!
You die...

#.#######........
######.#
#.##.#.##
.......# #.# #.##
######## #.# ## #
#.# # #9# # #.# #
#h#######.# #
#.T@......# # ###
#####.:.... # #..
.h... # #.# O...
####### #.# ..#
......# #<# ..
#####.#
#.#######. #
#.###.........
#.............
#####


You could see a two-headed ogre, a troll, a howler monkey and a hound.

Vanquished Creatures
  Menkaure (D:5)
  A water moccasin (D:6)
  A black bear (D:5)
  4 orc warriors (Bailey)
  An ice beast (D:6)
  A necrophage (D:6)
  3 ogres
  A bullfrog (D:7)
  2 scorpions
  A wyvern zombie (D:6)
  2 water moccasin zombies
  A water moccasin skeleton (D:6)
  3 wights (D:6)
  A howler monkey (D:6)
  2 hounds
  A jelly (D:6)
  2 bullfrog skeletons
  An orc wizard (D:5)
  2 iguanas
  A killer bee zombie (D:6)
  A hound skeleton (D:4)
  Robin (D:3)
  4 gnolls
  2 howler monkey skeletons
  5 adders
  A shadow imp (D:5)
  2 white imps
  An adder zombie (D:5)
  A worm (D:2)
  5 dart slugs
  16 orcs
  4 bats (D:1)
  6 endoplasms
  3 giant cockroaches (D:1)
  32 goblins
  16 hobgoblins
  7 jackals
  A quokka (D:3)
  5 ball pythons
  4 frilled lizards
  A jackal skeleton (D:4)
  17 kobolds
  4 rats
171 creatures vanquished.

Vanquished Creatures (others)
  31 fulminant prisms
  8 plants (D:7)
39 creatures vanquished.

Grand Total: 210 creatures vanquished

Notes
Turn   | Place    | Note
-------+----------+-------------------------------------------
     0 | D:1      | Kniotic the Demigod Conjurer began the quest for the Orb.
     0 | D:1      | Reached XP level 1. HP: 14/14 MP: 5/5
   116 | D:1      | Reached skill level 4 in Conjurations
   218 | D:1      | Reached XP level 2. HP: 20/20 MP: 4/7
   954 | D:1      | Reached XP level 3. HP: 26/26 MP: 4/8
  2119 | D:2      | Reached skill level 5 in Conjurations
  2561 | D:2      | Reached XP level 4. HP: 33/33 MP: 4/9
  2848 | D:3      | You fall into a shaft and drop 1 floor!
  2923 | D:3      | Noticed Robin
  3166 | D:4      | Learned a level 4 spell: Fulminant Prism
  3190 | D:3      | Killed Robin
  3530 | D:3      | Noticed an ogre
  3578 | D:3      | Killed an ogre
  3579 | D:3      | Reached skill level 6 in Conjurations
  3579 | D:3      | Reached XP level 5. HP: 38/38 MP: 0/10
  4021 | D:4      | Noticed an ogre
  4027 | D:4      | Killed an ogre
  4028 | D:4      | Reached skill level 7 in Conjurations
  4028 | D:4      | Reached XP level 6. HP: 45/45 MP: 4/11
  4351 | D:4      | HP: 2/45 [poisoned by a scorpion]
  5562 | D:5      | Entered Level 5 of the Dungeon
  5794 | D:5      | Reached skill level 8 in Conjurations
  5940 | D:5      | Reached XP level 7. HP: 46/50 MP: 5/12
  6684 | D:5      | Noticed Menkaure
  6690 | D:5      | Killed Menkaure
  6723 | D:5      | Reached skill level 9 in Conjurations
  7067 | D:5      | HP: 2/50 [orc warrior/+0 war axe (20)]
  8526 | D:6      | Found a staircase to the Ecumenical Temple.
  8581 | D:6      | Reached XP level 8. HP: 57/57 MP: 9/13
  8741 | D:6      | Reached skill level 10 in Conjurations
  9549 | D:6      | HP: 2/57 [wyvern zombie (8)]
  9853 | D:6      | Found a runed translucent door.
  9854 | D:6      | Noticed Crazy Yiuf
 10192 | D:7      | Reached skill level 11 in Conjurations
 10459 | D:7      | Found a flagged portal.
 10490 | D:7      | Noticed a troll
 10506 | Bailey   | Entered a bailey
 10606 | Bailey   | Noticed an orc warlord
 11113 | Bailey   | HP: 2/57 [spore (4)]
 11405 | Bailey   | Learned a level 1 spell: Animate Skeleton
 11497 | Bailey   | Found a runed translucent gate.
 11497 | Bailey   | Found a runed translucent gate.
 11497 | Bailey   | Found a runed translucent gate.
 11892 | D:7      | Noticed a gargoyle
 11930 | D:7      | Reached skill level 15 in Conjurations
 11930 | D:7      | Reached XP level 9. HP: 32/62 MP: 7/14
 11931 | D:7      | Noticed a two-headed ogre
 11932 | D:7      | HP: 3/62 [poisoned by a scorpion]
 11932 | D:7      | Mangled by a troll

Illustrated notes

Levels and vault maps discovered:
D:1:      saegor_arrival_under_anarchy, layout_basic,
          dreamdust_ecumenical_altar_hidden_monk_grotto, minmay_quantized
D:2:      layout_rooms, corexii_item_surrounded_by_moat
D:3:      layout_rooms, minmay_misc_feat_hallway, minmay_ogre_servants,
          uniq_robin
D:4:      layout_layer_cave, gammafunk_temple_overflow_forgotten,
          ashenzari_conservatory_becter
D:5:      layout_layer_cave, lemuel_coloured_pillars_altar,
          kennysheep_flooded_box, minivault_5, uniq_menkaure
D:6:      layout_loops_cross, mainiacjoe_overflow_alcove_2,
          minmay_temple_entry_tees, uniq_crazy_yiuf_cottage
D:7:      cheibrodos_fzero, layout_loops_ring, mainiacjoe_overflow_chevrons,
          mainiacjoe_overflow_surrounded_room, enter_bailey_5,
          serial_bayou_crossing

Skill      XL: |  1  2  3  4  5  6  7  8 |
---------------+-------------------------+-----
Conjurations   | 4 5 6 7 8 9 15 | 15.1
Dodging        | |  1.7
Stealth        | |  1.7
Spellcasting   | |  1.7

Action                   |  1- 3 |  4- 6 |  7- 9 || total
-------------------------+-------+-------+-------++-------
Melee: Unarmed           |    23 |       |       ||    23
       Dagger            |       |    11 |    79 ||    90
 Cast: Magic Dart        |   111 |   151 |   166 ||   428
       Fulminant Prism   |       |     1 |    30 ||    31
       Animate Skeleton  |       |       |     1 ||     1
  Use: Scroll            |     3 |     2 |       ||     5
       Potion            |       |     1 |     4 ||     5
Armor: Robe              |     6 |     9 |    41 ||    56
Dodge: Dodged            |    24 |    36 |    96 ||   156
